 Dungeon Crawl Stone Soup version 0.30-a0-1157-g2cc9ac7196 (webtiles) character file.

Game seed: 6425089580356792160

1397 iamoutofideas the Cleaver (level 8, -4/67 HPs)
             Began as a Hill Orc Reaver on Apr 25, 2023.
             Was an Initiate of Gozag.
             Slain by a scorpion (5 damage)
             ... on level 6 of the Dungeon.
             The game lasted 00:08:02 (5589 turns).

iamoutofideas the Cleaver (Hill Orc Reaver)         Turns: 5589, Time: 00:08:04

Health: -4/67      AC:  9    Str: 17    XL:     8   Next: 69%
Magic:  0/10       EV: 10    Int: 13    God:    Gozag
Gold:   778        SH:  0    Dex:  9    Spells: 9/10 levels left

rFire   . . .        a - +0 hand axe
rCold   . . .        (no shield)
rNeg    . . .        u - +0 scale mail
rPois   .            l - +0 helmet
rElec   .            w - +0 cloak
rCorr   .            (no gloves)
SInv    .            (no boots)
Will    .....        f - amulet of guardian spirit Stlth
                     (no ring)
HPRegen 0.31/turn    (no ring)
MPRegen 0.12/turn

%: guardian spirit
@: lethally poisoned (-4 -> -7)
A: no striking features
a: Renounce Religion, Potion Petition, Call Merchant, Bribe Branch


You were on level 6 of the Dungeon.
You worshipped Gozag.
Gozag was pleased with you.
You visited 2 branches of the dungeon, and saw 7 of its levels.

You collected 811 gold pieces.
You paid 33 gold pieces to Gozag.

Inventory:

Hand Weapons
 a - a +0 hand axe (weapon)
 d - the +7 whip of a Gauntlet {holy, rPois rN+}
   (You found it on level 4 of the Dungeon)

   rPois:     It protects you from poison.
   rN:        It protects you from negative energy.
 s - a +2 short sword of flaming
Armour
 l - a +0 helmet (worn)
 u - a +0 scale mail (worn)
 w - a +0 cloak (worn)
Jewellery
 f - an amulet of guardian spirit (around neck)
 k - an amulet of magic regeneration
Wands
 g - a wand of roots (6)
 n - a wand of polymorph (6)
Scrolls
 b - a scroll of identify
 c - a scroll of magic mapping
 m - a scroll of noise {unknown}
 o - a scroll of vulnerability
 q - a scroll of fear {unknown}
 r - a scroll of teleportation {unknown}
Potions
 h - a potion of brilliance {unknown}
 j - a potion of curing
 t - a potion of might
 v - 3 potions of mutation


   Skills:
 + Level 4.4 Fighting
 * Level 11.4 Axes
 + Level 5.0 Armour
 + Level 2.5 Dodging
 + Level 1.6 Spellcasting
 + Level 3.1 Conjurations


You had 9 spell levels left.
You knew the following spells:

 Your Spells              Type           Power      Damage    Failure   Level
a - Kiss of Death         Conj/Necr      20%        2d7       41%         1

Your spell library contained the following spells:

 Spells                   Type           Power      Damage    Failure   Level
 Magic Dart               Conj           36%        1d4       22%         1
 Momentum Strike          Conj/Tloc      10%        3d8       54%         2
 Call Imp                 Summ           2%         N/A       77%         2
 Hailstorm                Conj/Ice       5%         3d4       78%         3
 Mephitic Cloud           Conj/Pois/Air  3%         N/A       85%         3


Dungeon Overview and Level Annotations

Branches:
Dungeon (6/15)             Temple (1/1) D:4

Altars:
Ashenzari
Dithmenos
Elyvilon
Fedhas
Gozag
Hepliaklqana
Kikubaaqudgha
Makhleb
Nemelex Xobeh
Okawaru
Ru
Sif Muna
Trog
Uskayaw
Vehumet
Wu Jian
Xom
Yredelemnul
Zin
The Shining One

Annotations:
D:2 exclusion: downstairs
D:4 exclusion: downstairs
D:5 exclusion: 2 upstairs


Message History

The centaur hits you but does no damage.
The centaur kicks you but does no damage.
You hit the centaur.
The centaur is moderately wounded.
The centaur hits you but does no damage.
The centaur barely misses you.
You barely miss the centaur.
The centaur is moderately wounded.
The centaur hits you. The centaur barely misses you.
You hit the centaur.
The centaur is heavily wounded.
The centaur hits you.
The centaur kicks you but does no damage.
The centaur closely misses you. x2
The centaur attacks as you move away! The centaur barely misses you.
The centaur kicks you but does no damage.
Found a scroll labelled HISEQOU YMENYU.
The centaur wields a +0 shortbow.
The centaur shoots an arrow.
The arrow closely misses you.
The centaur shoots an arrow.
The arrow hits you but does no damage. The scorpion attacks as you move away!
The scorpion closely misses you.
Found a stone staircase leading up.
The scorpion stings you but does no damage.
The scorpion attacks as you move away! The scorpion stings you.
You are poisoned.
The scorpion poisons you!
You feel very sick.
You feel very sick. The scorpion attacks as you move away!
The scorpion stings you.
* * * LOW HITPOINT WARNING * * *
You feel sick.
You feel sick. The scorpion attacks as you move away!
The scorpion stings you but does no damage.
You feel sick.
The centaur shoots an arrow.
The arrow hits you!
* * * LOW HITPOINT WARNING * * *
The centaur shoots an arrow.
The arrow hits you!
* * * LOW HITPOINT WARNING * * *
The scorpion stings you.
You die...
Your body crumbles into a pile of gold.

* **,,,,,,,,,,,,,,,,,,,*,**,*~ *
*,,,,$,****,.#.#**,*,*,**,,~ *
*,,,,,,* *,.#.* *,*,*,**,*~ *
*,,,,,,****,...*#*,*,*,,,,,, *
*,.....,,,,,..,.**,*,*,,,,,,
******.......****.#.#**,*,*,,,,,,
,,*,,,.......####.#.###.*,*,,,,,,
,,,,,,..........<.......,,,,,,,,,
,,*,**.......###@...###,*,*,**,,,
,,+,,,........?.s.......,,,,*****
,,*,***#.#..............,,*** *
,,*,* #.....ch.....###.*,* *
,,*,**####.#..##.#..# *,*,* *
,,*,,,........##.#..#**,*,* *
******####.##.##.#....,,*,* *
******####.*#h##.......,,,* *
,,,,,,.....##.##.#.....,,,*******


You could see a centaur, a scorpion and a hound.

Vanquished Creatures
  A steam dragon (D:4)
  An ice beast (D:4)
  4 black bears
  A kobold brigand (D:5)
  3 scorpions (D:4)
  A howler monkey (D:5)
  A jelly (D:5)
  3 hounds (D:4)
  2 gnoll boudas (D:4)
  An orc priest (D:5)
  Crazy Yiuf (D:4)
  2 iguanas (D:4)
  A sleepcap (D:4)
  Ijyb (D:3)
  Natasha (D:3)
  Robin (D:3)
  6 gnolls
  4 adders
  2 ufetubi
  2 worms
  3 dart slugs
  2 orcs (D:4)
  5 bats
  4 endoplasms
  A giant cockroach (D:2)
  13 goblins
  3 hobgoblins
  4 jackals (D:5)
  11 kobolds
  3 quokkas
  2 ball pythons
  2 frilled lizards
  4 rats
96 creatures vanquished.

Vanquished Creatures (others)
  4 fungi (D:4)
4 creatures vanquished.

Grand Total: 100 creatures vanquished

Notes
Turn   | Place    | Note
-------+----------+-------------------------------------------
     0 | D:1      | iamoutofideas the Hill Orc Reaver began the quest for the
                  | Orb.
     0 | D:1      | Reached XP level 1. HP: 18/18 MP: 3/3
   475 | D:1      | Reached XP level 2. HP: 18/25 MP: 4/4
   898 | D:2      | Reached skill level 5 in Axes
   917 | D:2      | Found an opulent altar of Gozag.
   967 | D:2      | Became a worshipper of Gozag Ym Sagoz the Greedy
  1411 | D:3      | Noticed Ijyb
  1425 | D:3      | Killed Ijyb
  1426 | D:3      | Reached skill level 6 in Axes
  1426 | D:3      | Reached XP level 3. HP: 25/30 MP: 2/5
  1500 | D:3      | Found a faded altar of an unknown god.
  1506 | D:3      | Noticed Natasha
  1518 | D:3      | Killed Natasha
  1519 | D:3      | Reached XP level 4. HP: 23/37 MP: 3/6
  1694 | D:3      | Noticed Robin
  1705 | D:3      | Reached skill level 7 in Axes
  1717 | D:3      | Killed Robin
  1924 | D:3      | Reached XP level 5. HP: 42/42 MP: 5/7
  1959 | D:3      | Noticed an ogre
  2010 | D:4      | Noticed an ice beast
  2037 | D:4      | Killed an ice beast
  2038 | D:4      | Reached skill level 8 in Axes
  2038 | D:4      | Reached skill level 1 in Armour
  2038 | D:4      | Reached XP level 6. HP: 50/50 MP: 5/8
  2279 | D:4      | Found a staircase to the Ecumenical Temple.
  2286 | D:4      | Noticed a black bear
  2296 | D:4      | Killed a black bear
  2297 | D:4      | Reached skill level 9 in Axes
  2365 | D:4      | Noticed a black bear
  2380 | D:4      | Killed a black bear
  2381 | D:4      | Reached XP level 7. HP: 29/57 MP: 2/9
  2675 | D:4      | Identified the +7 whip of a Gauntlet {holy, rPois rN+}
  3387 | D:4      | Found a runed translucent door.
  3388 | D:4      | Noticed Crazy Yiuf
  3401 | D:4      | Killed Crazy Yiuf
  3546 | D:5      | Entered Level 5 of the Dungeon
  3546 | D:5      | Noticed a steam dragon
  3546 | D:5      | Found a shimmering altar of Xom.
  3589 | Temple   | Entered the Ecumenical Temple
  4069 | D:4      | Reached skill level 10 in Axes
  4331 | D:5      | Reached XP level 8. HP: 29/64 MP: 5/10
  5025 | D:5      | Reached skill level 11 in Axes
  5081 | D:5      | Found a shadowy altar of Dithmenos.
  5452 | D:5      | Found an opulent altar of Gozag.
  5452 | D:5      | Found an ornate altar of the Wu Jian Council.
  5548 | D:5      | You fall into a shaft and drop 1 floor!
  5573 | D:6      | Reached skill level 5 in Armour
  5589 | D:6      | HP: 1/67 [centaur/arrow (7)]
  5589 | D:6      | Slain by a scorpion

Illustrated notes

Levels and vault maps discovered:
D:1:      lemuel_arrival_river_ford, layout_loops_ring, fountainhead
D:2:      layout_rooms, basic_altar
D:3:      layout_basic, ebering_ecumenical_altar_box, uniq_robin, uniq_ijyb,
          uniq_terence, uniq_natasha
D:4:      layout_layer_cave, temple_green, uniq_crazy_yiuf_cottage
D:5:      layout_rooms, xom_confusion_cloud, gammafunk_temple_overflow_elements,
          grunt_dithmenos_smoke
D:6:      layout_basic, serial_bayou_pond_d, uniq_sigmund, uniq_duvessa
Temple:   nicolae_temple_bog_church

Skill      XL: |  1  2  3  4  5  6  7  8 |
---------------+-------------------------+-----
Axes           | 6 7 8 9 10 11 | 11.4
Armour         | 1 2 3 5 |  5.0
Fighting       | 3 4 |  4.4
Dodging        | 2 |  2.5
Spellcasting   | |  1.6
Conjurations   | |  3.1

Action                     |  1- 3 |  4- 6 |  7- 9 || total
---------------------------+-------+-------+-------++-------
  Melee: Hand axe          |    97 |    95 |   247 ||   439
         Punch             |     1 |     3 |     5 ||     9
         Whip              |       |       |     5 ||     5
   Cast: Kiss of Death     |     1 |       |       ||     1
    Use: Potion            |       |     3 |     4 ||     7
         Scroll            |       |     5 |     3 ||     8
   Stab: Distracted        |       |     2 |       ||     2
 Armour: Leather armour    |    16 |       |       ||    16
         Ring mail         |     6 |    24 |       ||    30
         Scale mail        |       |    26 |   155 ||   181
  Dodge: Dodged            |    42 |    57 |   186 ||   285

Table legend: (Time is in decaauts)
 A = Elapsed time spent in this place.
 B = Non-inter-level travel time spent in this place.
 C = Inter-level travel time spent in this place.
 D = Time resting spent in this place.
 E = Time spent auto-exploring this place.
 F = Levels seen in this place.
 G = Mean time per level.
                   A        B        C        D        E       F      G
               +--------+--------+--------+--------+--------+-----+--------+
         Total |   5584 |   5307 |    277 |   1338 |   2957 |   7 |  797.7 |
       Dungeon |   5385 |   5127 |    258 |   1338 |   2789 |   6 |  897.5 |
        Temple |    198 |    180 |     18 |      0 |    167 |   1 |  198.0 |
               +--------+--------+--------+--------+--------+-----+--------+

Top non-repeatable levels by time:
     D:4: 2897 daAuts
     D:1: 794 daAuts
     D:3: 624 daAuts
     D:2: 600 daAuts
     D:5: 431 daAuts
  Temple: 198 daAuts
     D:6: 37 daAuts
